 Dungeon Crawl Stone Soup version 0.32-a0-913-g739538afd8 (webtiles) character file.

Game seed: 8789945148452275530

1883 Rohain the Magician (level 9, -4/69 HPs)
             Began as a Gnoll Warper on Apr 7, 2024.
             Was a Priest of Okawaru.
             Killed from afar by an electric eel (9 damage)
             ... with a bolt of electricity
             ... on level 6 of the Dungeon.
             The game lasted 00:11:46 (5097 turns).

Rohain the Magician (Gnoll Warper)                  Turns: 5097, Time: 00:11:47

Health: -4/69      AC:  9    Str: 10    XL:     9   Next: 14%
Magic:  18/18      EV: 11    Int: 16    God:    Okawaru [***...]
Gold:   346        SH:  0    Dex: 13    Spells: 16/21 levels left

rFire   + . .        D - +4 flail (drain)
rCold   . . .        (no shield)
rNeg    . . .        y - +1 ring mail {rF+}
rPois   .            (no helmet)
rElec   .            p - +1 cloak
rCorr   .            (no gloves)
SInv    .            (no boots)
Will    .....        m - amulet of regeneration
Stlth   ++           (no ring)
HPRegen 1.11/turn    (no ring)
MPRegen 0.16/turn

%: no passive effects
@: no status effects
A: fangs 1, strong nose, distributed training
a: Renounce Religion, Heroism


You were on level 6 of the Dungeon.
You worshipped Okawaru.
Okawaru was most pleased with you.
You visited 2 branches of the dungeon, and saw 7 of its levels.

You collected 346 gold pieces.

Inventory:

Hand Weapons
 a - a +0 short sword
 B - a +1 dagger of draining
 D - a +4 flail of draining (weapon)
 E - a +4 hand axe
Missiles
 d - 7 darts of dispersal (quivered)
 q - 7 poisoned darts
Armour
 b - a +0 leather armour
 j - a +0 cloak
 p - a +1 cloak (worn)
 y - a +1 ring mail of fire resistance (worn)
Jewellery
 i - a ring of see invisible
 k - a ring of protection from fire
 m - an amulet of regeneration (around neck)
 w - a ring of flight
 H - an amulet of guardian spirit
Talismans
 x - a maw talisman
Wands
 g - a wand of polymorph (10)
 t - a wand of flame (15)
 u - a wand of warping (11)
Scrolls
 c - a scroll of blinking
 e - a scroll of summoning
 l - a scroll of fog
 n - 4 scrolls of teleportation
Potions
 f - 2 potions of resistance
 h - a potion of cancellation {unknown}
 o - a potion of enlightenment
 r - a potion of mutation
 s - a potion of invisibility {unknown}
 v - a potion of degeneration
 z - a potion of berserk rage
 A - a potion of lignification
 C - a potion of haste {unknown}
 F - a potion of curing {unknown}


   Skills:
 + Level 6.2 Fighting
 + Level 6.2 Short Blades
 + Level 4.1 Long Blades
 + Level 4.1 Axes
 + Level 4.1 Maces & Flails
 + Level 4.1 Polearms
 + Level 4.1 Staves
 + Level 4.1 Ranged Weapons
 + Level 4.9 Throwing
 + Level 4.9 Armour
 + Level 6.2 Dodging
 + Level 4.1 Stealth
 + Level 4.1 Shields
 + Level 4.1 Unarmed Combat
 + Level 6.5 Spellcasting
 + Level 3.3 Conjurations
 + Level 3.3 Hexes
 + Level 3.3 Summonings
 + Level 3.3 Necromancy
 + Level 6.5 Translocations
 + Level 3.3 Fire Magic
 + Level 3.3 Ice Magic
 + Level 3.3 Air Magic
 + Level 3.3 Earth Magic
 + Level 3.3 Alchemy
 + Level 4.5 Invocations
 + Level 4.1 Evocations
 + Level 3.7 Shapeshifting


You had 16 spell levels left.
You knew the following spells:

 Your Spells              Type           Power      Damage    Failure   Level
a - Blink                 Tloc           52%        N/A       3%          2
b - Maxwell's Portable P  Tloc           26%        2d(7-21)  6%          3

Your spell library contained the following spells:

 Spells                   Type           Power      Damage    Failure   Level
 Lesser Beckoning         Tloc           52%        N/A       3%          2
 Teleport Other           Tloc           26%        N/A       6%          3
 Ensorcelled Hibernation  Hex/Ice        32%        N/A       12%         2
 Fugue of the Fallen      Necr           16%        N/A       22%         3
 Vhi's Electric Charge    Tloc/Air       42%        N/A       36%         4
 Anguish                  Hex/Necr       8%         N/A       58%         4
 Arcjolt                  Conj/Air       8%         1d18      91%         5
 Maxwell's Capacitive Co  Air            8%         ∞         100%        8


Dungeon Overview and Level Annotations

Branches:
Dungeon (6/15)             Temple (1/1) D:4

Altars:
Ashenzari
Cheibriados
Dithmenos
Elyvilon
Fedhas
Gozag
Hepliaklqana
Kikubaaqudgha
Makhleb
Nemelex Xobeh
Okawaru
Qazlal
Ru
Sif Muna
Trog
Uskayaw
Wu Jian
Xom
Yredelemnul
Zin
The Shining One

Shops:
D:3 (   D:6 (


Innate Abilities, Weirdness & Mutations

You have very sharp teeth.
Your uncanny sense of smell can sniff out nearby items.
Your experience applies equally to all skills.


Message History

You hear a splash.
You start resting.
HP restored.
An electric eel is nearby!
Found a glowing silver altar of Zin.
You thump the electric eel!
The electric eel is heavily wounded.
You barely miss the electric eel.
The electric eel is moderately wounded.
You hit the electric eel. You drain the electric eel.
The electric eel is almost dead.
The electric eel shoots out a bolt of lightning at you!
The bolt of electricity hits you!
You sock the electric eel!
You kill the electric eel!
Okawaru accepts your kill.
You hear a splash.
The electric eel shoots out a bolt of lightning at you!
The bolt of electricity hits you!
The electric eel shoots out a bolt of lightning at you!
The bolt of electricity hits you!
The electric eel shoots out a bolt of lightning at you!
The bolt of electricity hits you! The bolt of electricity hits you.
You closely miss the electric eel. You completely miss the electric eel.
Your bite misses the electric eel. You miss the electric eel.
Your bite misses the electric eel. You sock the electric eel!
The electric eel is severely wounded.
The electric eel shoots out a bolt of lightning at you!
The bolt of electricity hits you! x2
* * * LOW HITPOINT WARNING * * *
You closely miss the electric eel.
The electric eel is severely wounded.
You completely miss the electric eel. Your bite misses the electric eel.
The electric eel is severely wounded.
The electric eel shoots out a bolt of lightning at you!
The bolt of electricity hits you!
* * * LOW HITPOINT WARNING * * *
The bolt of electricity hits you!
You die...

#.## #.#) #.#) #... #####
###. .....###### #...
≈≈≈≈≈.....# #.##
#.≈....≈≈≈≈.#.≈ #.## #.≈
###..@S.#.≈ #.#.
.≈.#_.##.≈.#.≈. #.#. .#
≈.#...#.≈.#.S. #.#. #.
#.≈...≈.#.≈..#### #.#. #.≈
#.≈≈._≈.#.≈..... #...
#.≈.#...≈≈≈.#.≈....#####...
#.≈.####....#.≈.......)....
#.≈.....#####.≈...######...
#.≈≈≈≈≈≈......≈...# ####


You could see an electric eel.

Vanquished Creatures
  Sigmund (D:5)
  A steam dragon (D:6)
  A water moccasin (D:5)
  Duvessa (D:5)
  An ice beast (D:6)
  2 black bears (D:4)
  An ogre (D:5)
  A bullfrog (D:5)
  A scorpion (D:6)
  3 wights (D:6)
  Dowan (D:5)
  2 electric eels (D:6)
  5 hounds
  A gnoll bouda (D:5)
  A bombardier beetle (D:4)
  A jelly (D:6)
  2 iguanas
  Ijyb (D:4)
  Natasha (thrice) (D:3)
  5 gnolls
  12 adders
  A shadow imp (D:6)
  2 white imps (D:6)
  2 ufetubi (D:6)
  A dart slug (D:3)
  A ribbon worm (D:4)
  4 orcs
  6 bats
  5 endoplasms
  3 giant cockroaches
  9 goblins
  4 hobgoblins
  2 jackals (D:3)
  4 quokkas
  16 ball pythons
  2 frilled lizards
  8 kobolds
  5 rats
122 creatures vanquished.

Notes
Turn   | Place    | Note
-------+----------+-------------------------------------------
     0 | D:1      | Rohain the Gnoll Warper began the quest for the Orb.
     0 | D:1      | Reached XP level 1. HP: 20/20 MP: 6/6
   552 | D:1      | Reached XP level 2. HP: 26/26 MP: 7/7
   572 | D:1      | Learned a level 2 spell: Blink
   873 | D:2      | Reached skill level 5 in Spellcasting
   873 | D:2      | Reached XP level 3. HP: 31/31 MP: 7/9
  1126 | D:2      | Reached skill level 1 in Invocations
  1462 | D:2      | Learned a level 3 spell: Maxwell's Portable Piledriver
  1581 | D:3      | Reached skill level 1 in Long Blades
  1581 | D:3      | Reached skill level 1 in Axes
  1581 | D:3      | Reached skill level 1 in Maces & Flails
  1581 | D:3      | Reached skill level 1 in Polearms
  1581 | D:3      | Reached skill level 1 in Staves
  1581 | D:3      | Reached skill level 1 in Ranged Weapons
  1581 | D:3      | Reached skill level 1 in Stealth
  1581 | D:3      | Reached skill level 1 in Shields
  1581 | D:3      | Reached skill level 1 in Unarmed Combat
  1581 | D:3      | Reached skill level 1 in Evocations
  1622 | D:3      | Noticed Natasha
  1648 | D:3      | Killed Natasha
  1649 | D:3      | Reached skill level 1 in Shapeshifting
  1649 | D:3      | Reached XP level 4. HP: 23/38 MP: 8/11
  1733 | D:3      | Reached skill level 1 in Conjurations
  1733 | D:3      | Reached skill level 1 in Hexes
  1733 | D:3      | Reached skill level 1 in Summonings
  1733 | D:3      | Reached skill level 1 in Necromancy
  1733 | D:3      | Reached skill level 1 in Fire Magic
  1733 | D:3      | Reached skill level 1 in Ice Magic
  1733 | D:3      | Reached skill level 1 in Air Magic
  1733 | D:3      | Reached skill level 1 in Earth Magic
  1733 | D:3      | Reached skill level 1 in Alchemy
  1833 | D:3      | Found Dehoh's Weapon Shoppe.
  1972 | D:3      | Noticed Natasha
  2013 | D:3      | Killed Natasha
  2043 | D:3      | Noticed Natasha
  2063 | D:3      | Killed Natasha
  2064 | D:3      | Reached XP level 5. HP: 18/43 MP: 9/12
  2312 | D:4      | Found a staircase to the Ecumenical Temple.
  2356 | Temple   | Entered the Ecumenical Temple
  2365 | Temple   | Became a worshipper of Warmaster Okawaru
  2598 | D:4      | Noticed a black bear
  2619 | D:4      | Killed a black bear
  2620 | D:4      | Reached skill level 5 in Fighting
  2620 | D:4      | Reached skill level 5 in Short Blades
  2620 | D:4      | Reached skill level 5 in Dodging
  2620 | D:4      | Reached XP level 6. HP: 49/51 MP: 11/14
  2841 | D:4      | Reached * piety under Okawaru
  3469 | D:5      | Entered Level 5 of the Dungeon
  3477 | D:5      | Noticed Dowan
  3493 | D:5      | Noticed Duvessa
  3558 | D:5      | Noticed a water moccasin
  3562 | D:5      | Noticed Ijyb
  3563 | D:5      | Noticed a black bear
  3568 | D:5      | Killed Duvessa
  3569 | D:5      | Reached XP level 7. HP: 56/56 MP: 15/15
  3581 | D:5      | Killed Dowan
  3610 | D:4      | Killed Ijyb
  3766 | D:5      | Reached ** piety under Okawaru
  3907 | D:5      | Noticed Sigmund
  3936 | D:5      | Killed Sigmund
  3937 | D:5      | Reached XP level 8. HP: 44/63 MP: 11/17
  4350 | D:6      | Reached *** piety under Okawaru
  4612 | D:6      | Reached XP level 9. HP: 50/69 MP: 15/18
  4669 | D:6      | Found Kofiuweg's Antique Weapon Shoppe.
  4940 | D:6      | Found a broken altar of Ashenzari.
  5077 | D:6      | Found a glowing silver altar of Zin.
  5097 | D:6      | Killed from afar by an electric eel

Illustrated notes

Levels and vault maps discovered:
D:1:      evilmike_arrival_hilbert_curve, layout_basic,
          chequers_serial_rivers_micro_c
D:2:      layout_loops_ring
D:3:      layout_basic, serial_shops, shop, uniq_natasha
D:4:      black_bear_nest_1, layout_loops_ring,
          minmay_temple_entry_stoned_glass, minmay_snake_closets
D:5:      layout_rooms, uniq_ijyb, uniq_sigmund, uniq_duvessa
D:6:      layout_basic, nicolae_overflow_squiral, serial_shops, shop
Temple:   hellmonk_temple_of_storms

Skill      XL: |  1  2  3  4  5  6  7  8  9 |
---------------+----------------------------+-----
Spellcasting   | 5 6 |  6.5
Invocations    | 1 2 3 4 |  4.5
Long Blades    | 1 2 3 4 |  4.1
Axes           | 1 2 3 4 |  4.1
Maces & Flails | 1 2 3 4 |  4.1
Polearms       | 1 2 3 4 |  4.1
Staves         | 1 2 3 4 |  4.1
Ranged Weapons | 1 2 3 4 |  4.1
Stealth        | 1 2 3 4 |  4.1
Shields        | 1 2 3 4 |  4.1
Unarmed Combat | 1 2 3 4 |  4.1
Evocations     | 1 2 3 4 |  4.1
Shapeshifting  | 1 2 3 |  3.7
Conjurations   | 1 2 3 |  3.3
Hexes          | 1 2 3 |  3.3
Summonings     | 1 2 3 |  3.3
Necromancy     | 1 2 3 |  3.3
Fire Magic     | 1 2 3 |  3.3
Ice Magic      | 1 2 3 |  3.3
Air Magic      | 1 2 3 |  3.3
Earth Magic    | 1 2 3 |  3.3
Alchemy        | 1 2 3 |  3.3
Throwing       | 3 4 |  4.9
Armour         | 3 4 |  4.9
Fighting       | 5 6 |  6.2
Short Blades   | 5 6 |  6.2
Dodging        | 5 6 |  6.2
Translocations | 6 |  6.5

Action                     |  1- 3 |  4- 6 |  7- 9 || total
---------------------------+-------+-------+-------++-------
  Melee: Short sword       |   163 |   216 |    33 ||   412
         Bite              |    15 |    21 |    18 ||    54
         Hand axe          |       |       |   116 ||   116
         Dagger            |       |       |     2 ||     2
         Flail             |       |       |    11 ||    11
   Cast: Maxwell's Portabl |     1 |    13 |    13 ||    27
         Blink             |       |       |     1 ||     1
  Evoke: Wand              |       |     2 |       ||     2
    Use: Scroll            |     3 |     7 |     4 ||    14
         Potion            |       |     1 |       ||     1
   Stab: Sleeping          |     1 |       |     2 ||     3
 Armour: Leather armour    |    82 |    87 |       ||   169
         Ring mail         |       |    67 |   161 ||   228
         Skin              |       |    23 |    91 ||   114
  Dodge: Dodged            |    97 |   118 |   125 ||   340

Table legend: (Time is in decaauts)
 A = Elapsed time spent in this place.
 B = Non-inter-level travel time spent in this place.
 C = Inter-level travel time spent in this place.
 D = Time resting spent in this place.
 E = Time spent auto-exploring this place.
 F = Levels seen in this place.
 G = Mean time per level.
                   A        B        C        D        E       F      G
               +--------+--------+--------+--------+--------+-----+--------+
         Total |   5025 |   4824 |    201 |    380 |   3062 |   7 |  717.9 |
       Dungeon |   5008 |   4813 |    195 |    380 |   3062 |   6 |  834.7 |
        Temple |     16 |     10 |      6 |      0 |      0 |   1 |   16.0 |
               +--------+--------+--------+--------+--------+-----+--------+

Top non-repeatable levels by time:
     D:4: 1288 daAuts
     D:6: 930 daAuts
     D:1: 787 daAuts
     D:2: 721 daAuts
     D:3: 691 daAuts
     D:5: 589 daAuts
  Temple: 16 daAuts
